 Dungeon Crawl Stone Soup version 0.31-a0-981-geadf994542 (webtiles) character file.

Game seed: 6978712291627859288

786 sokol815 the Poker (level 7, -2/49 HPs)
             Began as an Octopode Fighter on Nov 1, 2023.
             Slain by a gnoll
             ... wielding a +0 spear
             ... led by a gnoll bouda
              (10 damage)
             ... on level 6 of the Dungeon.
             The game lasted 00:08:07 (4523 turns).

sokol815 the Poker (Octopode Fighter)               Turns: 4523, Time: 00:08:08

Health: -2/49      AC:  1    Str: 13    XL:     7   Next: 86%
Magic:  7/7        EV: 15    Int: 10    God:
Gold:   337        SH:  8    Dex: 20    Spells: 6/6 levels left

rFire   + . .        a - +1 trident
rCold   . . .        v - +2 buckler "Jocwe Mof" {rF+ rN+++ Str-2 Stlth+}
rNeg    + + +        (helmet restricted)
rPois   .            (no amulet)
rElec   .            i - +6 ring of dexterity
rCorr   .            V - ring of see invisible {sInv, !d}
SInv    +            (no ring)
Will    .....        (no ring)
Stlth   ++++         (no ring)
HPRegen 0.28/turn    (no ring)
MPRegen 0.10/turn    (no ring)
                     (no ring)

%: no passive effects
@: no status effects
A: almost no armour, amphibious, 8 rings, camouflage 1, gelatinous body 1,
(nimble swimmer 1), tentacles
a: no special abilities


You were on level 6 of the Dungeon.
You visited 1 branch of the dungeon, and saw 6 of its levels.

You collected 347 gold pieces.
You spent 10 gold pieces at shops.

Inventory:

Hand Weapons
 a - a +1 trident (weapon)
 d - a +2 dagger of draining
   (You took it off a kobold on level 1 of the Dungeon)
 e - the +2 mace of Xasyrebb {flame, +Blink Str+3}
   (You found it on level 4 of the Dungeon)

   Str+3:     It affects your strength (+3).
   +Blink:    It lets you blink.
 j - a +0 whip of electrocution
   (You took it off a kobold on level 1 of the Dungeon)
 A - a +1 heavy spear
   (You found it on level 5 of the Dungeon)
Missiles
 h - 11 poisoned darts
 s - 60 stones
 t - 4 boomerangs
 z - a throwing net {!d}
 B - 6 darts of dispersal {=f}
Armour
 b - a +1 buckler
 l - an orb of wrath
   (You found it on level 4 of the Dungeon)
 v - the +2 buckler "Jocwe Mof" (worn) {rF+ rN+++ Str-2 Stlth+}
   (You found it on level 4 of the Dungeon)

   Str-2:     It affects your strength (-2).
   rF+:       It protects you from fire.
   rN+++:     It renders you almost immune to negative energy.
   Stlth+:    It makes you more stealthy.
Jewellery
 i - a +6 ring of dexterity (left tentacle)
   (You found it on level 1 of the Dungeon)
 V - a ring of see invisible (right tentacle) {sInv, !d}
   (You found it on level 5 of the Dungeon)
Wands
 p - a wand of paralysis (9)
   (You found it on level 3 of the Dungeon)
Scrolls
 f - a scroll of torment {!r}
 g - a scroll of revelation
 r - a scroll of fog
 Y - 4 scrolls of teleportation {@r3}
Potions
 c - a potion of ambrosia {unknown}
 k - a potion of mutation {unknown}
 n - a potion of enlightenment {unknown}
 o - 2 potions of brilliance {unknown}
 q - a potion of magic {unknown}
 J - a potion of curing {@q1}
 M - a potion of might


   Skills:
 + Level 4.9 Fighting
 * Level 5.9 Polearms
 + Level 4.9 Dodging
 + Level 4.2 Shields


You had 6 spell levels left.
You didn't know any spells.
Your spell library contained the following spells:

 Spells                   Type           Power      Damage    Failure   Level
 Kiss of Death            Conj/Necr      0%         2d5       45%         1
 Confusing Touch          Hex            0%         N/A       83%         3
 Dazzling Flash           Conj/Hex       0%         N/A       83%         3
 Gell's Gravitas          Tloc           0%         N/A       83%         3
 Teleport Other           Tloc           0%         N/A       83%         3
 Volatile Blastmotes      Fire/Tloc      0%         2d10      83%         3
 Animate Dead             Necr           0%         N/A       99%         4
 Brom's Barrelling Bould  Conj/Erth      0%         2d3       99%         4
 Dispel Undead            Necr           0%         3d6       99%         4
 Fireball                 Conj/Fire      0%         3d3       100%        5
 Iskenderun's Battlesphe  Conj           0%         2d6       100%        5
 Conjure Ball Lightning   Conj/Air       0%         3x3d6     100%        6
 Dispersal                Tloc           0%         N/A       100%        6
 Starburst                Conj/Fire      0%         6d3       100%        6
 Haunt                    Necr/Summ      0%         N/A       100%        7
 Orb of Destruction       Conj           0%         9d5       100%        7
 Infestation              Necr           0%         N/A       100%        8
 Maxwell's Capacitive Co  Air            0%         ∞         100%        8


Dungeon Overview and Level Annotations

Branches:
Dungeon (6/15) Zot: 26565
 Temple: D:4-7

Altars:
Dithmenos
Hepliaklqana
Kikubaaqudgha
Zin

Shops:
D:1 !   D:4 (

Annotations:
D:2 Ijyb
D:4 exclusions: black bear and jelly


Innate Abilities, Weirdness & Mutations

You cannot wear most types of armour.
You are amphibious.
You can wear up to eight rings at the same time.
Your skin changes colour to match your surroundings (Stealth+).
Your rubbery body absorbs attacks. (AC +1, EV +1)
((You are camouflaged when in or above water. (Stealth+)))
You have tentacles for arms and can constrict up to eight enemies at once.


Message History

You block the orc's attack.
You hit the orc but do no damage.
You constrict the orc, but do no damage.
The orc completely misses you.
You completely miss the orc.
You constrict the orc, but do no damage.
The orc hits you but does no damage.
You hit the orc.
You kill the orc!
You now have 326 gold pieces (gained 5).
Items here: )) [[ †.
You see here a +0 club.
You now have 337 gold pieces (gained 11).
You see here a +0 dagger.
Items here: )) [[ †.
Found a stone staircase leading down.
Health restored: 49
k - a brown potion
There is a stone staircase leading down here.
Items here: )) [[ †.
You open the door.
There is an open door here.
There is a fountain of clear blue water here.
As you open the door, it creaks loudly!
There is an open door here.
Found two stone staircases leading up.
A gnoll comes into view. It is wielding a +0 whip of draining.
The gnoll shouts!
A gnoll comes into view. It is wielding a +0 spear.
The gnoll moves out of view.
You reach to attack!
The gnoll shouts!
You hit the gnoll.
You hear a shout!
You closely miss the gnoll. You grab the gnoll.
You constrict the gnoll, but do no damage.
You block the gnoll's attack.
You puncture the gnoll!
You kill the gnoll!
An adder comes into view.
You block the gnoll's attack.
You reach to attack!
You barely miss the gnoll.
A gnoll comes into view. It is wielding a +0 spear.
The gnoll hits you from afar with a +0 spear.
You take 6 damage, and have 43/49 hp.
You reach to attack!
You completely miss the gnoll. The gnoll barely misses you.
You reach to attack!
You closely miss the gnoll.
The gnoll hits you from afar with a +0 spear!
You take 8 damage, and have 36/49 hp.
You reach to attack!
The adder hisses angrily.
You hit the gnoll.
The gnoll hits you from afar with a +0 spear.
The gnoll hits you but does no damage.
You take 1 damage, and have 35/49 hp.
You reach to attack!
You closely miss the gnoll. The gnoll barely misses you.
You block the gnoll's attack.
You reach to attack!
You hit the gnoll.
The gnoll hits you from afar with a +0 spear.
The gnoll barely misses you.
You take 5 damage, and have 30/49 hp.
You reach to attack!
You hit the gnoll. You block the gnoll's attack. x2
Reach: a) +1 trident
Press: ? - help, Dir - move target, f/p - gnoll
Aim: a gnoll, wielding a +0 spear (heavily wounded, about 31% to evade your +1 trident)
You reach to attack!
You completely miss the gnoll.
The gnoll hits you from afar with a +0 spear!
The gnoll hits you from afar with a +0 spear.
You take 10 damage, and have 20/49 hp.
MASSIVE DAMAGE!!
Reach: a) +1 trident
Press: ? - help, Dir - move target, f/p - gnoll
Aim: a gnoll, wielding a +0 spear (heavily wounded, about 31% to evade your +1 trident)
You reach to attack!
You hit the gnoll.
The gnoll hits you from afar with a +0 spear.
The gnoll barely misses you.
You take 3 damage, and have 17/49 hp.
Reach: a) +1 trident
Press: ? - help, Dir - move target, f/p - gnoll
Aim: a gnoll, wielding a +0 spear (severely wounded, about 31% to evade your +1 trident)
You reach to attack!
You barely miss the gnoll.
The gnoll hits you from afar with a +0 spear.
* * * LOW HITPOINT WARNING * * *
The gnoll misses you.
You take 4 damage, and have 13/49 hp.
Reach: a) +1 trident
Press: ? - help, Dir - move target, f/p - gnoll
Aim: a gnoll, wielding a +0 spear (severely wounded, about 31% to evade your +1 trident)
You reach to attack!
You barely miss the gnoll.
The gnoll hits you from afar with a +0 spear.
* * * LOW HITPOINT WARNING * * *
You block the gnoll's attack.
You take 5 damage, and have 8/49 hp.
Reach: a) +1 trident
Press: ? - help, Dir - move target, f/p - gnoll
Aim: a gnoll, wielding a +0 spear (severely wounded, about 31% to evade your +1 trident)
You reach to attack!
You hit the gnoll but do no damage.
The gnoll hits you from afar with a +0 spear!
You die...

#.⌠...⌠.#
##..#
#.......#
#..#
######'####
##.#
.........#
#..#
.....#####
##..#
######
#...#
##..##
#...##
##..@#
#...)gS..#
##...g..##
# #.......#
#
#...#....#
##
..#####...
.## ..# #..
..# ..## #.
..#


You could see 2 gnolls and an adder.

Vanquished Creatures
  A centaur (D:5)
  A kobold brigand (D:6)
  3 scorpions (D:5)
  4 hounds
  An orc priest (D:5)
  A sleepcap (D:5)
  3 orc wizards
  3 adders
  4 gnolls
  2 ufetubi (D:5)
  3 worms
  A dart slug (D:2)
  13 orcs
  5 bats
  9 endoplasms
  3 giant cockroaches
  8 goblins
  11 hobgoblins
  12 jackals
  18 kobolds
  6 quokkas
  4 ball pythons
  5 frilled lizards
  5 rats
126 creatures vanquished.

Notes
Turn   | Place    | Note
-------+----------+-------------------------------------------
     0 | D:1      | sokol815 the Octopode Fighter began the quest for the Orb.
     0 | D:1      | Reached XP level 1. HP: 16/16 MP: 1/1
    85 | D:1      | Reached XP level 2. HP: 16/21 MP: 2/2
   178 | D:1      | Found Ukotto's Distillery.
   186 | D:1      | Reached XP level 3. HP: 16/26 MP: 3/3
   248 | D:1      | Bought a potion of degeneration for 10 gold pieces
   492 | D:1      | Reached skill level 3 in Polearms
  1118 | D:2      | Reached XP level 4. HP: 29/31 MP: 4/4
  1223 | D:2      | Noticed Ijyb
  1460 | D:3      | Found a hazy altar of Hepliaklqana.
  1625 | D:3      | Reached XP level 5. HP: 21/37 MP: 5/5
  1969 | D:3      | Found a glowing silver altar of Zin.
  1969 | D:3      | Found a shadowy altar of Dithmenos.
  2001 | D:3      | Reached skill level 4 in Polearms
  2297 | D:4      | Identified the +2 mace of Xasyrebb {flame, +Blink Str+3}
  2409 | D:4      | Found an ancient bone altar of Kikubaaqudgha.
  2488 | D:4      | Found Waahe's Weapon Boutique.
  2579 | D:4      | Identified the +2 buckler "Jocwe Mof" {rF+ rN+++ Str-2
                  | Stlth+}
  2631 | D:4      | Noticed a black bear
  3138 | D:5      | Entered Level 5 of the Dungeon
  3151 | D:5      | Reached skill level 4 in Fighting
  3151 | D:5      | Reached skill level 4 in Dodging
  3155 | D:5      | Reached XP level 6. HP: 23/43 MP: 6/6
  3334 | D:5      | Reached skill level 5 in Polearms
  3539 | D:5      | Reached XP level 7. HP: 46/49 MP: 7/7
  3831 | D:5      | HP: 12/49 [centaur/arrow (12)]
  3837 | D:5      | HP: 8/49 [orc/+0 short sword (3)]
  3855 | D:5      | Reached skill level 4 in Shields
  4522 | D:6      | HP: 8/49 [gnoll/+0 spear[a gnoll bouda] (5)]
  4523 | D:6      | Slain by a gnoll

Illustrated notes

Levels and vault maps discovered:
D:1:      ncdulo_wetmaze, layout_loops_ring, serial_shops, shop,
          minmay_pentomino_w4
D:2:      kennysheep_the_goblin_king, layout_rooms, kennysheep_nub,
          minmay_stone_trees_small
D:3:      layout_loops_ring, gammafunk_temple_overflow_elements,
          nicolae_hepliaklqana_hippocampus, minmay_crystal_room
D:4:      layout_loops_ring, kiku_gazebo_garden_becter, serial_shops, shop,
          minmay_misc_feat_encased
D:5:      layout_rooms, hangedman_decor_peaks_small
D:6:      layout_layer_cave, minmay_temple_entry_gardened_gates,
          minmay_fountain_box, st_stairs_11

Skill      XL: |  1  2  3  4  5  6  7 |
---------------+----------------------+-----
Polearms       | 3 4 5 |  5.9
Fighting       | 4 |  4.9
Dodging        | 4 |  4.9
Shields        | 4 |  4.2

Action                     |  1- 3 |  4- 6 |  7- 9 || total
---------------------------+-------+-------+-------++-------
  Melee: Trident           |    88 |   153 |    89 ||   330
         Tentacles         |    17 |    21 |     7 ||    45
         Constrict         |    15 |    24 |    11 ||    50
         Punch             |       |       |     1 ||     1
    Use: Scroll            |     1 |     5 |     7 ||    13
         Potion            |       |       |     3 ||     3
   Stab: Sleeping          |     7 |    17 |     1 ||    25
         Distracted        |       |     1 |       ||     1
 Armour: Skin              |    31 |    36 |    67 ||   134
  Dodge: Dodged            |    34 |    58 |    48 ||   140
  Block: Buckler           |    17 |    36 |    43 ||    96

Table legend: (Time is in decaauts)
 A = Elapsed time spent in this place.
 B = Non-inter-level travel time spent in this place.
 C = Inter-level travel time spent in this place.
 D = Time resting spent in this place.
 E = Time spent auto-exploring this place.
 F = Levels seen in this place.
 G = Mean time per level.
                   A        B        C        D        E       F      G
               +--------+--------+--------+--------+--------+-----+--------+
         Total |   4564 |   4455 |    109 |    257 |   3405 |   6 |  760.7 |
       Dungeon |   4564 |   4455 |    109 |    257 |   3405 |   6 |  760.7 |
               +--------+--------+--------+--------+--------+-----+--------+

Top non-repeatable levels by time:
     D:3: 1033 daAuts
     D:5: 961 daAuts
     D:1: 958 daAuts
     D:4: 876 daAuts
     D:6: 433 daAuts
     D:2: 301 daAuts

Levels and vault maps discovered:
D:1:      ncdulo_wetmaze, layout_loops_ring, serial_shops, shop,
          minmay_pentomino_w4
D:2:      kennysheep_the_goblin_king, layout_rooms, kennysheep_nub,
          minmay_stone_trees_small
D:3:      layout_loops_ring, gammafunk_temple_overflow_elements,
          nicolae_hepliaklqana_hippocampus, minmay_crystal_room
D:4:      layout_loops_ring, kiku_gazebo_garden_becter, serial_shops, shop,
          minmay_misc_feat_encased
D:5:      layout_rooms, hangedman_decor_peaks_small
D:6:      layout_layer_cave, minmay_temple_entry_gardened_gates,
          minmay_fountain_box, st_stairs_11

Table legend: (Time is in decaauts)
 A = Elapsed time spent in this place.
 B = Non-inter-level travel time spent in this place.
 C = Inter-level travel time spent in this place.
 D = Time resting spent in this place.
 E = Time spent auto-exploring this place.
 F = Levels seen in this place.
 G = Mean time per level.
                   A        B        C        D        E       F      G
               +--------+--------+--------+--------+--------+-----+--------+
         Total |   4564 |   4455 |    109 |    257 |   3405 |   6 |  760.7 |
       Dungeon |   4564 |   4455 |    109 |    257 |   3405 |   6 |  760.7 |
               +--------+--------+--------+--------+--------+-----+--------+

Top non-repeatable levels by time:
     D:3: 1033 daAuts
     D:5: 961 daAuts
     D:1: 958 daAuts
     D:4: 876 daAuts
     D:6: 433 daAuts
     D:2: 301 daAuts

Table legend:
 A = Kills in this place as a percentage of kills in the entire game.
 B = Kills by you in this place as a percentage of kills by you in the entire game.
 C = Kills by friends in this place as a percentage of kills by friends in the entire game.
 D = Other kills in this place as a percentage of other kills in the entire game.
 E = Experience gained in this place as a percentage of experience gained in the entire game.
 F = Experience gained in this place divided by the number of levels of this place that you have seen.
                   A       B       C       D       E      F
               +-------+-------+-------+-------+-------+----------------------
         Total | 100.0 | 100.0 |   N/A |   N/A | 100.0 | 187.2
       Dungeon | 100.0 | 100.0 |   N/A |   N/A | 100.0 | 187.2
               +-------+-------+-------+-------+-------+----------------------
